 Seeded DCSS version 0.29.1-1-gd02db6906a (webtiles) character file.

Game seed: 785624137171455186 (custom seed)

552 Nonny the Twirler (level 7, 32/32 HPs)
             Began as a Vine Stalker Gladiator on Sept 12, 2022.
             Was a Believer of Hepliaklqana.
             Quit the game on level 5 of the Dungeon on Sept 17, 2022.
             The game lasted 00:13:39 (1870 turns).

Nonny the Twirler (Vine Stalker Gladiator)          Turns: 1870, Time: 00:13:39

Health: 32/32      AC: 11    Str: 23    XL:     7   Next: 29%
Magic:  8/8        EV: 12    Int:  8    God:    Hepliaklqana [**....]
Gold:   136        SH:  0    Dex: 16    Spells: 6/6 levels left

rFire   + . .      SeeInvis +   a - +0 quarterstaff
rCold   + . .      Faith    .   (shield currently unavailable)
rNeg    . . .      Spirit   +   p - +3 ring mail "Xynim" {*Corrode rPois Str+5}
rPois   +          Reflect  .   c - +0 helmet
rElec   .          Harm     .   u - scarf {rC+ rF+}
rCorr   .          Rampage  .   (no gloves)
Will    .....                   s - +0 pair of boots
Stlth   +.........              j - amulet of regeneration
HPRegen 1.70/turn               t - ring of see invisible
MPRegen 0.11/turn               (no ring)

@: no status effects
A: reduced essence, fangs 2, regeneration 1, magic shield, antimagic bite, no
potion heal 2
a: Renounce Religion, Recall Ancestor, Ancestor Identity


You were on level 5 of the Dungeon.
You worshipped Hepliaklqana.
Hepliaklqana was pleased with you.
You visited 1 branch of the dungeon, and saw 5 of its levels.

You collected 136 gold pieces.

Inventory:

Hand Weapons
 a - a +0 quarterstaff (weapon)
Missiles
 d - 3 throwing nets (quivered)
 e - a javelin
 l - 7 poisoned darts
Armour
 c - a +0 helmet (worn)
 f - a +0 plate armour
 p - the +3 ring mail "Xynim" (worn) {*Corrode rPois Str+5}
   (You found it on level 2 of the Dungeon)

   Str:       It affects your strength (+5).
   rPois:     It protects you from poison.
   *Corrode:  It may corrode you when you take damage.
 s - a +0 pair of boots (worn)
 u - a scarf of resistance (worn)
Magical Staves
 v - a staff of poison
Jewellery
 j - an amulet of regeneration (around neck)
 t - a ring of see invisible (left hand)
Wands
 b - a wand of digging (3)
 y - a wand of flame (12)
Scrolls
 g - 2 scrolls of blinking
 h - a scroll of fog
 m - a scroll of noise {unknown}
 o - a scroll of enchant weapon {unknown}
 r - a scroll of teleportation {unknown}
 x - a scroll of poison {unknown}
 A - a scroll of identify
Potions
 i - 2 potions of flight
 k - 2 potions of brilliance
 n - 2 potions of curing
 q - a potion of mutation {unknown}
 w - a potion of haste {unknown}
 z - a potion of heal wounds {unknown}


   Skills:
 + Level 3.0 Fighting
 + Level 5.6 Staves
 - Level 1.7 Throwing
 * Level 3.5 Armour
 - Level 2.4 Dodging


You had 6 spell levels left.
You didn't know any spells.
Your spell library contained the following spells:

 Spells                   Type           Power      Damage    Failure   Level
 Beastly Appendage        Tmut           0%         N/A       56%         1
 Wereblood                Tmut           0%         N/A       71%         2
 Confusing Touch          Hex            0%         N/A       90%         3
 Ignite Poison            Fire/Tmut/Pois 0%         N/A       90%         3
 Inner Flame              Hex/Fire       0%         N/A       90%         3
 Mephitic Cloud           Conj/Pois/Air  0%         N/A       90%         3
 Spider Form              Tmut/Pois      0%         N/A       90%         3
 Anguish                  Hex/Necr       0%         N/A       100%        4
 Freezing Cloud           Conj/Ice/Air   0%         6-21      100%        5


Dungeon Overview and Level Annotations

Branches:
Dungeon (5/15)
 Temple: D:4-7

Altars:
Ashenzari
Gozag
Hepliaklqana
Makhleb
Sif Muna
Zin


Innate Abilities, Weirdness & Mutations

Your life essence is reduced to manifest your ancestor. (-10% HP)
You have extremely sharp teeth.
Your natural rate of healing is unusually fast.
When hurt, damage is shared between your health and your magic reserves.
Your bite disrupts and absorbs the magic of your enemies.
Potions cannot restore your health.


Message History

You hit the ogre. You bite the ogre, but do no damage.
The ogre is lightly wounded.
The ogre closely misses you.
You sock the ogre!
The ogre is moderately wounded.
Eideard gestures at the ogre while chanting.
The ogre resists with some effort.
You hit the ogre.
The ogre is heavily wounded.
The ogre barely misses you.
You hit the ogre but do no damage.
The ogre is heavily wounded.
The ogre barely misses you.
You sock the ogre! You bite the ogre. You drain its power.
The ogre is almost dead.
You completely miss the ogre.
The ogre is almost dead.
The ogre hits you with a +0 giant spiked club.
You hit the ogre. You bite the ogre.
You kill the ogre!
Your Fighting skill increases to level 3!
Things that are here:
a +0 giant spiked club; an ogre corpse
Okay, then.
There is a stone staircase leading up here.
Found a stone staircase leading down.
There is a stone staircase leading down here.
Found a stone staircase leading up.
You swap places.
You swap places.
Found a glowing silver altar of Zin.
Found 15 gold pieces.
Found 2 stones.
Found a ring mail.
There is a glowing silver altar of Zin here.
Found a scratched silver ring.
You now have 136 gold pieces (gained 15).
You see here 2 stones.
Found a stone staircase leading down.
Are you sure you want to abandon this character and quit the game? (Confirm with "yes".)

### #.. ####### #.#
#.....#####.#
#.##.....##.#
#######.#.......#.#
#>.R......##.##...#
#.@#####.(.#.#....#
#..# #..#.....#..#
#... #..##...##.##
#.#.# #....._......
.. .# #..##...##..#
... ..
#..#....[#..# ...
........#.#.....
....
###....##.##....
#.... ... .#.#


You could see the friendly Eideard the hexer.

Vanquished Creatures
  Grinder (D:3)
  Sigmund (D:2)
  An ogre (D:5)
  2 adders (D:2)
  A worm (D:2)
  3 dart slugs
  2 ball pythons
  2 endoplasms (D:1)
  4 giant cockroaches
  A goblin (D:1)
  3 hobgoblins
  3 kobolds
  3 quokkas
  3 bats
  2 frilled lizards (D:3)
  7 rats
39 creatures vanquished.

Vanquished Creatures (collateral kills)
  A scorpion (D:4)
  A worm (D:3)
  An endoplasm (D:1)
  A giant cockroach (D:2)
  A frilled lizard (D:3)
  A rat (D:2)
6 creatures vanquished.

Grand Total: 45 creatures vanquished

Notes
Turn   | Place    | Note
-------+----------+-------------------------------------------
     0 | D:1      | Nonny the Vine Stalker Gladiator began the quest for the
                  | Orb.
     0 | D:1      | Reached XP level 1. HP: 11/11 MP: 2/2
    46 | D:1      | Starting vault: three chambers in a lake.
   146 | D:1      | Damn, did they buff regen? I love it!
   146 | D:1      | regen amulet in southeast btw
   160 | D:1      | Reached skill level 3 in Staves
   160 | D:1      | Reached XP level 2. HP: 14/15 MP: 3/3
   236 | D:1      | Found a faded altar of an unknown god.
   277 | D:1      | Prayed at the altar of an unknown god.
   277 | D:1      | Became a worshipper of Hepliaklqana the Forgotten
   277 | D:1      | Reached * piety under Hepliaklqana
   444 | D:2      | OJAMIS HUAPUYB - identify
   444 | D:2      | sedimented coppery potion - flight
   445 | D:2      | red potion - brilliance
   446 | D:2      | silvery potion - degeneration
   459 | D:2      | Reached XP level 3. HP: 16/16 MP: 4/4
   463 | D:2      | Reached skill level 1 in Armour
   538 | D:2      | Vault: sight-seeing for a little deep stream.
   572 | D:2      | Identified the +3 ring mail "Xynim" {*Corrode rPois Str+5}
   610 | D:2      | Noticed Sigmund
   626 | D:2      | Killed Sigmund
   627 | D:2      | Reached skill level 4 in Staves
   627 | D:2      | Gained mutation: Your natural rate of healing is unusually
                  | fast. [Vine Stalker growth]
   627 | D:2      | Reached XP level 4. HP: 18/20 MP: 2/5
   627 | D:2      | Reached XP level 5. HP: 21/24 MP: 2/6
   698 | D:2      | Trismegistus Codex
   698 | D:2      | Ignite Poison, Mephitic Cloud and Freezing Cloud
   704 | D:2      | Book of Changes
   855 | D:1      | D:2 uphatch not very special for orbrun.
   938 | D:2      | Got the Spellbook of Bewitchment and the Arsonist
   939 | D:2      | Spellbook of Bewitchment and the Arsonist
   939 | D:2      | Confusing Touch, Inner Flame and Anguish
  1025 | D:3      | Reached ** piety under Hepliaklqana
  1026 | D:3      | Remembered your ancestor Eideard as a hexer
  1047 | D:3      | Found a shimmering blue altar of Sif Muna.
  1163 | D:3      | Found a burning altar of Makhleb.
  1167 | D:3      | Makhleb vault - lava ring and fountains of blood chamber
  1203 | D:3      | Found a broken altar of Ashenzari.
  1271 | D:3      | Noticed Grinder
  1273 | D:3      | bubbling silvery potion - might
  1276 | D:3      | Killed Grinder
  1277 | D:3      | Reached skill level 5 in Staves
  1277 | D:3      | Reached XP level 6. HP: 27/28 MP: 7/7
  1279 | D:3      | wand of digging and potion of curing on Grinder
  1322 | D:3      | staff of poison
  1490 | D:3      | Found an opulent altar of Gozag.
  1616 | D:4      | Upgraded the game from 0.29.1 to 0.29.1-1-gd02db6906a
  1625 | D:4      | Reached XP level 7. HP: 31/31 MP: 8/8
  1635 | D:5      | Entered Level 5 of the Dungeon
  1637 | D:5      | RAQIRU VUIHI - blinking
  1662 | D:5      | SAVIT DECIRHOVOUR - fog
  1848 | D:5      | Found a glowing silver altar of Zin.
  1870 | D:5      | Quit the game

Illustrated notes .....#.~~~....~~≈≈≈≈≈≈≈≈ .><..'........~~~≈≈≈≈≈≈≈ .....#.........~~≈~~≈≈≈ #...##~~~.........~##### #####≈~~~~~~......##...## ≈≈≈≈~≈~~~~.....#.....# ≈≈≈≈≈≈≈≈≈≈~~....'...>.# ≈≈≈≈≈≈≈≈≈≈≈~~....#.....# ≈≈≈≈≈≈≈≈≈≈≈≈~..@.##...## ≈≈≈≈≈≈~~....##### ≈≈~≈~~~.....~≈ ~~~~~.....~≈~~~ ~~~........~~~. ............... !.##....#####.. .. ##...# ## Turn 46 on D:1: Starting vault: three chambers in a lake. ##### ########...# #..........# #..........# #..........# #.......†).# ####@###...# #.# ##..# #.# #...# #.# #..... #.# ######.. #.# ... #.# .# #.# # Turn 146 on D:1: Damn, did they buff regen? I love it! ####### #@R...##### #.......... #......##. #......# #............# ###..####.##.# #..# ... . #... ##. ~.. # Turn 444 on D:2: OJAMIS HUAPUYB - identify ####### #@R...##### #.......... #......##. #......# #............# ###..####.##.# #..# ... . #... ##. ~.. # Turn 445 on D:2: red potion - brilliance ####### #@R...##### #.......... #......##. #......# #............# ###..####.##.# #..# ... . #... ##. ~.. # Turn 446 on D:2: silvery potion - degeneration #......##......##.##) ##..#.#.##......##.... #...#.#............##. #.###.###..####.##.##. #.#.....#..## #....... #.#######.... ..##.##. #.≈≈≈≈≈≈~.......##.##. #.#######.###.. ...#. #.#..@..#.# .# #.###R### . #...#†# . ###.#.#.# #......# #......#.### ######...# #.### #.# Turn 538 on D:2: Vault: sight-seeing for a little deep stream. .....####.####.# #......... ####.# #.####.# #...#####. .....####......# #...# #....>....###### #...# #..#.############# #...# ...#.# ##......###...# .....# ....(...<.##.##### ...#.# #.........†......# .....# #......@R..#.###.# ###### #..........#... #.............## ...............# ......<.......... ................. ............:...## .#..............# #.##.##........ Turn 698 on D:2: Trismegistus Codex # ....(...<.##.##### # #.........†......# # #..........#.###.# # #..........#...... #.............## # ...............#.# ......<..R.......# .................# ............@...## .#.....B........# #.##.##........# ... #........# .. #........# #........# #....r...# ..#......# Turn 704 on D:2: Book of Changes #....# ##...###....##....#.# #....# #..#.........#..###.# #....# #..##................ #....###..##...........###.# #######..###.......#.#.....# #####...# #.........###..[. #......####........## ###.. #......# #.........# ### #..>..## #@R....#### # #.....# #......# # ####### ######## # # # Turn 855 on D:1: D:2 uphatch not very special for orbrun. #.###.###..####.##.##.# #.#.....#..####.......# #.#######.......##.##.# #.≈≈≈≈≈≈~.......##.##.# #.#######.###... ...#.# #.#.....#.###.#.##..#.# #.###.###..#........#.# # #...#†#.........#.....##.... ###.#.#.#.##..#.@R#R.......# ##......#..)....###.#####... ....#.#####.........# ###...# #...#####.# #.### #...# #.# #.# #...#####.#####.# #.# #...............# ###.#######...####.##...### ......[...................# Turn 939 on D:2: Spellbook of Bewitchment and the Arsonist ### #≈≈##### #≈##⌠#⌠## #≈#≈≈≈≈≈# #≈#§§.§§## ##≈#§..§§⌠# .<.... #..§R@§§§# ...... #.§#≈...≈⌠# ...... #.§#≈§.§≈######.... #.≈#≈≈§≈≈##....... #.≈##⌠#⌠###.....# #.≈≈######......# #....# #........# ####.###........# #....###.#..##### Turn 1167 on D:3: Makhleb vault - lava ring and fountains of blood chamber #.# #.# #.## #..# . #.#####.####.... ................ ## #..####.####.... .# #...=#R# . .# #.5@# ..### ##..# #... ..#.. #.### ....#..$ [...# ......##... ..#.####...... .#.# .........#.### .#.. ......##...## .# .# #...........# Turn 1273 on D:3: bubbling silvery potion - might #.## #..# . #.#####.####.... ................ ## #..####.####.... .# #...=#.# . .# #...# ..### ##R.## #... ......#@.# #.### ......#..$# [...# ......##...# ..#.####...... .#.# .........#.### .#... ......##...## .# .## #...........# .# ## ##.......... .# ##.....#.## Turn 1279 on D:3: wand of digging and potion of curing on Grinder

.†..[.####.#########.#####.####..
###..............................
######## #.## #..####.####..
.<...# #..# #....#.# ..<..# #..#
####R..# .....#
#..#############..## .....##
##.....##.......#..##
##....#####.###R.#.......#...#
.###......[...##@........##...#
............#.####.......##.#.#
########...........#.######.#...
# ###......##...## #.##.## #
##...........# #.# ## ##
##........... #.# .#
##.....#.##.# #.# .########
#...........
..#.....#####.....#.#


Turn 1322 on D:3: staff of poison .# ?## .. #### #.# .../ ..# #..♣ ..# #...♣..#
#...@..# .....#.#..# ######.##.# ###...#.# .# .......R##.# ...........# .#<#
.#.# #.# Turn 1637 on D:5: RAQIRU VUIHI - blinking ####.#..♣...# #...♣..#
#......# .......#.#..# ########.##.# ###...#.##.# .....§.§##.# .....§§R§§.#
#####.#@#### #.#§# #.#§# # #.# #.# ... ### Turn 1662 on D:5: SAVIT DECIRHOVOUR -
fog

Levels and vault maps discovered:
D:1:      minmay_arrival_shoal_huts, layout_rooms, basic_ecumenical_altar
D:2:      layout_loops_cross, grunt_decor_cap, uniq_sigmund
D:3:      layout_rooms, mainiacjoe_overflow_surrounded_room,
          lightli_temple_of_fire, ashenzari_altar_1,
          nicolae_overflow_hidden_temple, dk_noncrumbling_4, uniq_grinder
D:4:      layout_basic
D:5:      layout_basic, tso_altar, kennysheep_little_box,
          mainiacjoe_overflow_small_starburst, chequers_mini_garden,
          hangedman_decor_diamond_cutter

Skill      XL: |  1  2  3  4  5  6  7 |
---------------+----------------------+-----
Staves         | 3 4 5 |  5.6
Fighting       | 2 3 |  3.0
Armour         | 2 3 |  3.5
Throwing       | |  1.7
Dodging        | |  2.4

Action                   |  1- 3 |  4- 6 |  7- 9 || total
-------------------------+-------+-------+-------++-------
Melee: Quarterstaff      |    59 |    30 |     7 ||    96
       Bite              |    18 |     8 |     3 ||    29
Invok: Ancestor Life: He |       |     1 |       ||     1
  Use: Scroll            |     3 |       |     2 ||     5
       Potion            |     1 |     1 |       ||     2
Armor: Plate armour      |    34 |       |       ||    34
       Ring mail         |     1 |     9 |       ||    10
Dodge: Dodged            |    10 |    19 |     3 ||    32
